 Dungeon Crawl Stone Soup version 0.22-a0-362-g535178c (webtiles) character file.

44 RoseArtemis the Chopper (level 3, -3/33 HPs)
             Began as a Hill Orc Monk on Apr 19, 2018.
             Slain by Natasha (4 damage)
             ... on level 3 of the Dungeon.
             The game lasted 00:03:02 (922 turns).

RoseArtemis the Chopper (Hill Orc Monk)              Turns: 922, Time: 00:03:03

Health: -3/33      AC: 10    Str: 14    XL:     3   Next: 62%
Magic:  3/3        EV:  4    Int: 10    God:
Gold:   94         SH:  0    Dex: 13    Spells: 2/2 levels left

rFire    . . .     SeeInvis .   a - +0 hand axe
rCold    . . .     Gourm    .   (no shield)
rNeg     . . .     Faith    .   i - +0 plate armour
rPois    .         Spirit   .   (no helmet)
rElec    .         Reflect  .   (no cloak)
rCorr    .         Harm     .   (no gloves)
MR       .....                  (no boots)
Stlth    ..........             (no amulet)
HPRegen  0.11/turn              (no ring)
MPRegen  0.08/turn              (no ring)

@: slowed, very slow
A: no striking features
a: no special abilities


You were on level 3 of the Dungeon.
You were not hungry.

You visited 1 branch of the dungeon, and saw 3 of its levels.

You collected 94 gold pieces.

Inventory:

Hand Weapons
 a - a +0 hand axe (weapon)
Armour
 i - a +0 plate armour (worn)
Scrolls
 e - a scroll of teleportation
 f - a scroll of remove curse {unknown}
 h - a scroll of blinking {unknown}
 l - a scroll of identify {unknown}
Potions
 b - a potion of heal wounds {unknown}
 d - 2 potions of resistance {unknown}
 g - a potion of ambrosia {unknown}
 k - a potion of berserk rage {unknown}
 m - a potion of degeneration {unknown}
Comestibles
 c - 5 rations
 j - a chunk of flesh


   Skills:
 + Level 4.1 Fighting
 * Level 4.6 Axes
 + Level 0.3 Armour
 + Level 2.7 Dodging
 - Level 2.0 Stealth


You had 2 spell levels left.
You didn't know any spells.

Dungeon Overview and Level Annotations

Branches:
Dungeon (3/15)

Altars:

Annotations:
D:3 Natasha


Message History

Natasha is lightly wounded.
You completely miss the hobgoblin. Natasha claws you.
* * * LOW HITPOINT WARNING * * *
The hobgoblin hits you but does no damage.
You hit the hobgoblin.
You kill the hobgoblin!
Your plate armour prevents you from hitting Natasha.
Natasha claws you.
* * * LOW HITPOINT WARNING * * *
Natasha casts a spell at you. The magic dart hits you!
* * * LOW HITPOINT WARNING * * *
You closely miss Natasha.
Natasha is lightly wounded.
Natasha claws you.
* * * LOW HITPOINT WARNING * * *
Your plate armour prevents you from hitting Natasha.
Natasha is lightly wounded.
Natasha claws you.
You die...

#. #.
#.# ##
.. ...
#.##
..#
..##..#
#)hS.#
#@# #)#
#.# ###


You could see Natasha and an adder.

Vanquished Creatures
  An adder (D:2)
  An ooze (D:2)
  A worm (D:2)
  A dart slug (D:2)
  5 bats
  2 giant cockroaches
  A goblin (D:1)
  3 hobgoblins
  A quokka (D:2)
  2 ball pythons
  5 kobolds (D:1)
  5 rats
28 creatures vanquished.

Notes
Turn   | Place    | Note
-------+----------+-------------------------------------------
     0 | D:1      | RoseArtemis the Hill Orc Monk began the quest for the Orb.
     0 | D:1      | Reached XP level 1. HP: 19/19 MP: 1/1
    50 | D:1      | Reached XP level 2. HP: 11/27 MP: 2/2
   693 | D:2      | Reached XP level 3. HP: 18/33 MP: 3/3
   900 | D:2      | Noticed Natasha
   921 | D:3      | HP: 1/33 [Natasha (1)]
   922 | D:3      | Slain by Natasha

Vault maps used:
D:1:      scummos_arrival_checkerplants, minmay_octomino_c4
D:2:      first_ration, uniq_natasha
D:3:      grunt_gozag_breadcrumbs, lemuel_coloured_pillars_altar

Skill      XL: |  1  2 |
---------------+-------+-----
Fighting       | 4 |  4.1
Stealth        | 2 |  2.0
Axes           | |  4.6
Armour         | |  0.3
Dodging        | |  2.7

Action                   || total
-------------------------++-------
Melee: Hand axe          ||   108
  Use: Scroll            ||     1
Armor: Robe              ||     7
       Plate armour      ||    79
Dodge: Dodged            ||    57

Table legend:
 A = Spawn XP
 B = Non-spawn XP
 C = Spawn XP percentage of total XP
 D = Spawn monster count
 E = Non-spawn monster count
 F = Spawn count percentage of total count
 G = Total turns spent on level
                    A         B        C        D         E        F      G
               +---------+---------+-------+---------+---------+-------+---------
         Total |       0 |      64 |   0.0 |       0 |      28 |   0.0 |   922
               +---------+---------+-------+---------+---------+-------+---------
           D:1 |       0 |      22 |   0.0 |       0 |      17 |   0.0 |   663
           D:2 |       0 |      38 |   0.0 |       0 |       9 |   0.0 |   250
           D:3 |       0 |       4 |   0.0 |       0 |       2 |   0.0 |     9
               +---------+---------+-------+---------+---------+-------+---------
